Cogmind - Beta 13 X1 @@@ ROGUE MODE // 2023.08.17 @ 16:27:56 Player: f3-rnm Result: Destroyed by G-67 Veteran with Field Laser Performance ------------- Evolutions (5) 2500 Regions Visited (14) 2800 Robots Destroyed (60) 300 Value Destroyed (1593) 1593 Prototype IDs (37) 740 Alien Tech Used (0) 0 Bonus (1984) 1984 TOTAL SCORE: 9917 Bonus ------- Follower Combat Kills 1355 Aligned with FarCom 300 Met Data Miner 300 Built Enhanced Grunts 300 Friendly Fire -271 Cogmind --------- Core Integrity 0/1000 Matter 290/300 Energy 100/100 System Corruption 2% Temperature Cool (0) Movement Core (50) Location -5/Cetus Parts ------- > --- POWER (1) -------- (None) > --- PROPULSION (5) --- Carbon-fiber Leg Carbon-fiber Leg Field Propulsion Drive > --- UTILITY (9) ------ Advanced Signal Interpreter Makeshift System Shield > --- WEAPON (2) ------- (None) > --- INVENTORY (5) ---- System Shield Trap Reconfigurator Remote Datajack Peak State ------------ > --- POWER ------------ Light Fission Core > --- PROPULSION ------- Improved VTOL Module Nuclear Pulse Thruster Nuclear Pulse Thruster Field Propulsion Drive Field Propulsion Drive > --- UTILITY ---------- Enhanced Optical Array Advanced Signal Interpreter ECM Suite Advanced Reaction Control System Light Regenerative Plating Hacking Suite Makeshift System Shield Makeshift System Shield Improved System Shield > --- WEAPON ----------- Powered Hammer > --- INVENTORY -------- Improved Light Armor Plating System Shield Trap Reconfigurator Heavy Rocket Launcher Remote Datajack [Rating: 77] Favorites ----------- Power Ion Engine Engine Ion Engine Power Core Light Fission Core Propulsion Improved Treads Treads Improved Treads Leg Carbon-fiber Leg Flight Unit Improved VTOL Module Utility Makeshift System Shield Device ECM Suite Storage Large Storage Unit Processor Advanced Signal Interpreter Hackware Makeshift System Shield Protection Light Armor Plating Weapon Powered Hammer Energy Gun Small Laser Energy Cannon Heavy Ion Cannon Ballistic Gun Light Assault Rifle Ballistic Cannon Mass Driver Launcher Heavy Rocket Launcher Special Weapon Remote Datajack Impact Weapon Powered Hammer Special Melee Weapon Datajack Build | -11 -10 -10 -10 -9 -8 -7 -7 -7 -7 -6 -6 -5 -5 -5 ------- Run | Jun Mat Min Exi Min Mat Fac Low Low Dat Pro Fac Fac Ext Cet Slots Evolved 10 | . . . . . 4 2 . . . . 2 2 . . Power . | . . . . . . . . . . . . . . . Propulsion 3 | . . . . . 1 1 . . . . . 1 . . Utility 7 | . . . . . 3 1 . . . . 2 1 . . Weapon . | . . . . . . . . . . . . . . . Parts Attached 104 | 6 12 . 2 2 19 10 5 . . 2 7 15 19 5 Power 13 | 1 2 . . . 3 1 1 . . 1 1 . 3 . Engine 7 | 1 2 . . . 3 . . . . . . . 1 . Core 6 | . . . . . . 1 1 . . 1 1 . 2 . Reactor . | . . . . . . . . . . . . . . . Propulsion 34 | 2 4 . . . 6 4 1 . . 1 . 8 4 4 Treads 10 | 2 4 . . . 4 . . . . . . . . . Leg 7 | . . . . . . . . . . . . . 4 3 Wheel . | . . . . . . . . . . . . . . . Hover . | . . . . . . . . . . . . . . . Flight 17 | . . . . . 2 4 1 . . 1 . 8 . 1 Utility 35 | 1 3 . . . 7 3 3 . . . 4 7 7 . Device 9 | . . . . . 2 1 . . . . . 2 4 . Storage 2 | 1 1 . . . . . . . . . . . . . Processor 6 | . 1 . . . 1 1 . . . . 1 2 . . Hackware 6 | . . . . . . . 3 . . . 2 1 . . Protection 12 | . 1 . . . 4 1 . . . . 1 2 3 . Artifact . | . . . . . . . . . . . . . . . Weapon 22 | 2 3 . 2 2 3 2 . . . . 2 . 5 1 Energy Gun 4 | 1 2 . 1 . . . . . . . . . . . Energy Cannon 7 | . 1 . 1 2 3 . . . . . . . . . Ballistic Gun 1 | 1 . . . . . . . . . . . . . . Ballistic Cannon 1 | . . . . . . . . . . . . . . 1 Launcher 3 | . . . . . . . . . . . . . 3 . Special Weapon 2 | . . . . . . . . . . . . . 2 . Impact Weapon 3 | . . . . . . 1 . . . . 2 . . . Slashing Weapon . | . . . . . . . . . . . . . . . Piercing Weapon . | . . . . . . . . . . . . . . . Special Melee Weapon 1 | . . . . . . 1 . . . . . . . . Unidentified Prototypes 4 | . . . . . 3 . . . . . 1 . . . Parts Lost 40 | . . . . . 7 2 . . . 3 1 . 13 14 Power 4 | . . . . . . . . . . 1 1 . 1 1 Propulsion 13 | . . . . . 2 . . . . 1 . . 6 4 Utility 18 | . . . . . 4 1 . . . 1 . . 5 7 Weapon 5 | . . . . . 1 1 . . . . . . 1 2 Highest Loss Streak 13 | . . . . . 3 2 . . . 2 1 . 6 13 To Critical Strikes . | . . . . . . . . . . . . . . . Average Slot Usage (%) 88 | . 99 100 88 100 93 78 80 92 92 85 87 91 80 40 Engine 5 | . 13 14 14 14 9 1 . . . . . . . . Core 2 | . . . . . . 5 7 7 7 7 4 5 2 1 Treads 12 | . 27 28 28 28 26 1 . . . . . . . . Flight 12 | . . . . . . 26 30 30 30 30 26 26 16 2 Device 5 | . . . . . 10 5 7 7 7 7 6 10 6 4 Storage 5 | . 14 14 14 14 9 1 . . . . . . . . Processor 10 | . 9 . . . 5 13 15 15 15 15 19 14 11 7 Hackware 8 | . . . . . . . 11 23 23 16 19 19 17 9 Protection 7 | . 3 14 14 14 14 6 . . . . 3 5 7 1 Energy Gun 3 | . 14 14 8 2 . . . . . . . . . . Energy Cannon 6 | . 7 14 8 25 17 1 . . . . . . . . Ballistic Gun 1 | . 6 . . . . . . . . . . . . . Impact Weapon 2 | . . . . . . 5 7 7 7 7 6 5 3 . Naked Turns . | . . . . . . . . . . . . . . . Heaviest Build 53 | 13 32 32 32 43 53 38 10 10 10 10 15 19 33 36 Greatest Support 66 | 40 46 46 46 46 66 43 20 20 20 20 20 30 50 50 Greatest Overweight (x) 1 | . 1 . . . 1 1 . . . . . . 1 1 Average Overweight (x) . | . . . . . . . . . . . . . . . Largest Inventory Capacity 15 | 8 15 15 15 15 15 15 5 5 5 5 5 5 5 5 Average Capacity 9 | 6 14 15 15 15 15 6 5 5 5 5 5 5 5 5 Most Carried 15 | 4 15 15 15 15 15 15 5 5 5 5 5 5 5 5 Average Carried 8 | 1 11 15 14 14 14 6 5 5 5 4 3 4 4 3 Final Capacity 15 | 8 15 15 15 15 15 5 5 5 5 5 5 5 5 5 Final Carried 15 | 1 15 15 15 15 15 5 5 5 5 3 5 5 5 3 Class Distribution -------------------- 49% | Mutant 37% | Hacker-Sprinter 7% | Hacker-Mutant 4% | Scavenger-Sprinter Dominant Class ---------------- Mutant | -10/Materials Mutant | -10/Mines Mutant | -10/Exiles Mutant | -9/Mines Mutant | -8/Materials Scavenger-Sprinter | -7/Factory Sprinter | -7/Lower Caves Hacker-Sprinter | -7/Lower Caves Hacker-Sprinter | -7/Data Miner Sprinter | -6/Proximity Caves Hacker-Sprinter | -6/Factory Hacker-Sprinter | -5/Factory Hacker-Sprinter | -5/Extension Mutant | -5/Cetus Resources | -11 -10 -10 -10 -9 -8 -7 -7 -7 -7 -6 -6 -5 -5 -5 ----------- Run | Jun Mat Min Exi Min Mat Fac Low Low Dat Pro Fac Fac Ext Cet Matter Collected 1531 | 103 275 . . 80 166 106 10 16 . . . 133 422 220 Remotely . | . . . . . . . . . . . . . . . Salvage Created 2149 | . 650 . . 137 893 62 . . . . . 163 138 106 Parts 111 | . 47 . . 10 43 2 . . . . . 2 3 4 Haulers Intercepted 5 | . 2 . . . 3 . . . . . . . . . Recyclers Shooed . | . . . . . . . . . . . . . . . Parts Field Recycled . | . . . . . . . . . . . . . . . Retrieved Matter . | . . . . . . . . . . . . . . . Parts Self-Destructed . | . . . . . . . . . . . . . . . Prevented . | . . . . . . . . . . . . . . . Kills | -11 -10 -10 -10 -9 -8 -7 -7 -7 -7 -6 -6 -5 -5 -5 ------- Run | Jun Mat Min Exi Min Mat Fac Low Low Dat Pro Fac Fac Ext Cet Combat Hostiles Destroyed 33 | . 11 . . 3 13 1 . . . . . . 3 2 Melee 2 | . . . . 1 . . . . . . . . 1 . Guns 5 | . 5 . . . . . . . . . . . . . Cannons 22 | . 6 . . 2 13 . . . . . . . . 1 AOE 3 | . . . . . . . . . . . . . 2 1 Classes Destroyed 11 | . 8 . . . 2 . . . . . . . 1 . Worker 5 | . 1 . . 1 2 . . . . . . 1 . . Builder 1 | . 1 . . . . . . . . . . . . . Tunneler 3 | . 1 . . 1 . . . . . . . 1 . . Hauler 5 | . 2 . . . 3 . . . . . . . . . Recycler 2 | . . . . . 2 . . . . . . . . . Operator 4 | . 2 . . . . . . . . . . 1 1 . Watcher 7 | . 3 . . . 1 . . . . . . 3 . . Swarmer 7 | . 3 . . . 4 . . . . . . . . . Grunt 19 | . 8 . . 3 7 . . . . . . . . 1 Sentry 4 | . . . . . 2 1 . . . . . . 1 . Hunter 2 | . . . . . . . . . . . . . 2 . Cetus Guard 1 | . . . . . . . . . . . . . . 1 Best Kill Streak 5 | . 3 . . 2 5 1 . . . . . 2 2 1 Combat Bots Only 4 | . 3 . . 2 4 1 . . . . . . 2 1 Max Kills in Single Turn 2 | . 1 . . 2 2 1 . . . . . 1 1 1 Gunslinging . | . . . . . . . . . . . . . . . Exploded 1 | . . . . . . . . . . . . . 1 1 Melee 1 | . . . . 1 . . . . . . . . 1 . Uniques/NPCs Destroyed . | . . . . . . . . . . . . . . . Combat | -11 -10 -10 -10 -9 -8 -7 -7 -7 -7 -6 -6 -5 -5 -5 -------- Run | Jun Mat Min Exi Min Mat Fac Low Low Dat Pro Fac Fac Ext Cet Damage Taken 6179 | . 490 . . 89 1478 243 . 16 . 298 60 85 1600 1820 Core 1428 | . 106 . . . 115 44 . . . 118 40 . 325 680 Absorbed by Shields 326 | . . . . . . . . . . . . . 86 240 Regen/Repaired (Parts) 218 | . . . . . . 81 . . . . . . 137 . Core Remaining (%) 81 | 100 . . . 57 79 . . . . 76 95 . . . Volleys Fired 149 | . 49 . . 5 57 1 . . . . . . 30 7 Largest 2 | . 2 . . 2 2 1 . . . . . . 1 2 Hottest 145 | . 100 . . 145 145 75 . . . . . . 39 96 Shots Fired 261 | . 95 . . 10 114 1 . . . . . . 30 11 Gun 75 | . 75 . . . . . . . . . . . . . Cannon 150 | . 20 . . 10 114 1 . . . . . . . 5 Launcher 15 | . . . . . . . . . . . . . 9 6 Special 21 | . . . . . . . . . . . . . 21 . Kinetic 34 | . 29 . . . . . . . . . . . . 5 Thermal 162 | . 37 . . 10 114 1 . . . . . . . . Explosive 15 | . . . . . . . . . . . . . 9 6 Electromagnetic 29 | . 29 . . . . . . . . . . . . . Robot Hit Streak 11 | . 9 . . 7 9 5 . . . . . . 11 6 Robot Miss Streak 4 | . 4 . . 1 3 . . . . . . . 3 3 Penetration Max . | . . . . . . . . . . . . . . . Secondary Targets . | . . . . . . . . . . . . . . . Shots Hit Robots 183 | . 66 . . 7 66 5 . . . 1 1 6 25 6 Core Hits 94 | . 28 . . 5 29 . . . . . . 1 15 16 Critical Kills 1 | . . . . . . . . . . . . . 1 . Critical Parts Destroyed 3 | . . . . . . . . . . . 1 2 . . Critical Strikes 5 | . 1 . . . . . . . . . 1 2 1 . Corrupt 1 | . 1 . . . . . . . . . . . . . Smash 4 | . . . . . . . . . . . 1 2 1 . Melee Attacks 89 | . . . . . . 11 1 . . 1 33 36 7 . Impact 89 | . . . . . . 11 1 . . 1 33 36 7 . Slashing . | . . . . . . . . . . . . . . . Piercing . | . . . . . . . . . . . . . . . Sneak Attacks 6 | . . . . . . 1 . . . 1 . 3 1 . Combat Hostiles 3 | . . . . . . 1 . . . 1 . . 1 . Follow-up Attacks . | . . . . . . . . . . . . . . . Damage Inflicted 5425 | . 858 . . 243 1834 234 . . . 65 69 508 977 637 Guns 611 | . 611 . . . . . . . . . . . . . Cannons 2444 | . 235 . . 219 1833 25 . . . . . . . 132 Explosions 1259 | . . . . . . . . . . . . . 754 505 Melee 1074 | . . . . . . 209 . . . 65 69 508 223 . Ramming 37 | . 12 . . 24 1 . . . . . . . . . Kinetic 292 | . 160 . . . . . . . . . . . . 132 Thermal 2462 | . 385 . . 219 1833 25 . . . . . . . . Explosive 1259 | . . . . . . . . . . . . . 754 505 Electromagnetic 301 | . 301 . . . . . . . . . . . . . Impact 1074 | . . . . . . 209 . . . 65 69 508 223 . Slashing . | . . . . . . . . . . . . . . . Piercing . | . . . . . . . . . . . . . . . Highest Corruption 2 | . 1 1 1 1 . 2 2 2 2 2 . 1 2 2 Average Corruption 1 | . 1 1 1 1 . 2 2 2 2 2 . 1 1 2 Corruption Purged . | . . . . . . . . . . . . . . . Corruption Blocked . | . . . . . . . . . . . . . . . Effects 44 | . . 4 7 2 . 7 1 . . 1 . 9 8 5 Message Errors 12 | . . 2 2 . . 2 1 . . 1 . 1 1 2 Matter Fused 13 | . . 1 1 2 . 1 . . . . . 3 3 2 Heat Flow Errors 3 | . . . . . . 1 . . . . . 1 . 1 Energy Discharges 5 | . . . 1 . . 1 . . . . . 2 1 . Parts Rejected 1 | . . . . . . . . . . . . . 1 . Parts Fused 1 | . . . . . . . . . . . . 1 . . Data Loss (minor) 4 | . . 1 . . . 2 . . . . . . 1 . Data Loss (major) 4 | . . . 2 . . . . . . . . 1 1 . Alerts 1 | . . . 1 . . . . . . . . . . . Overload Shots . | . . . . . . . . . . . . . . . Overflow Damage 507 | . . . . . 41 66 . . . . 69 307 24 . Projectiles 41 | . . . . . 41 . . . . . . . . . Explosions 24 | . . . . . . . . . . . . . 24 . Melee 442 | . . . . . . 66 . . . . 69 307 . . Knockbacks 6 | . . . . . . 2 . . . . . 3 . 1 Impact 5 | . . . . . . 2 . . . . . 3 . . Kinetic 1 | . . . . . . . . . . . . . . 1 Secondary . | . . . . . . . . . . . . . . . Self-Inflicted Damage 56 | . . . . . . . . . . . . . 27 29 Shots 2 | . . . . . . . . . . . . . 1 1 Rammed 7 | . 3 . . 3 1 . . . . . . . . . Targets Rammed 9 | . 3 . . 5 1 . . . . . . . . . Kicked . | . . . . . . . . . . . . . . . Crushed 2 | . . . . 2 . . . . . . . . . . Highest Temperature 269 | . 174 . . 213 139 232 . . . 3 . 269 20 150 Average Temperature 38 | . 53 . . 95 27 111 . . . 2 . 17 2 32 Received Heat Transfer 2154 | . 228 . . 51 801 . . 27 . 75 . . 470 502 Siege Activations . | . . . . . . . . . . . . . . . Robots Corrupted . | . . . . . . . . . . . . . . . Combat Hostiles . | . . . . . . . . . . . . . . . Parts Fried 7 | . . . . . . . . . . . . 7 . . Impact Corruptions 14 | . . . . . . 3 . . . . 1 10 . . Robots Melted . | . . . . . . . . . . . . . . . Combat Hostiles . | . . . . . . . . . . . . . . . Parts Melted 5 | . 1 . . 1 2 . . . . . . . 1 . Heat Transferred 4041 | . 806 . . 335 2863 37 . . . . . . . . Parts Sabotaged . | . . . . . . . . . . . . . . . Parts Stolen . | . . . . . . . . . . . . . . . Parts Stripped . | . . . . . . . . . . . . . . . Power Chain Reactions . | . . . . . . . . . . . . . . . Missiles Intercepted . | . . . . . . . . . . . . . . . Alert | -11 -10 -10 -10 -9 -8 -7 -7 -7 -7 -6 -6 -5 -5 -5 ------- Run | Jun Mat Min Exi Min Mat Fac Low Low Dat Pro Fac Fac Ext Cet Peak Influence 393 | . 149 31 . 61 248 256 . . . . 120 296 222 393 Initial 144 | . . 31 . . 11 46 . . . . 53 . 144 24 Average 85 | . 69 31 . 30 84 158 . . . . 47 109 118 197 Maximum Alert Level 1 | . . . . . 1 1 . . . . . 1 1 1 Low Security (%) 89 | 100 100 100 . 100 93 64 . . . . 100 73 97 41 Level 1 10 | . . . . . 6 35 . . . . . 26 2 58 Level 2 . | . . . . . . . . . . . . . . . Level 3 . | . . . . . . . . . . . . . . . Level 4 . | . . . . . . . . . . . . . . . Level 5 . | . . . . . . . . . . . . . . . High Security . | . . . . . . . . . . . . . . . Max Security . | . . . . . . . . . . . . . . . Squads Dispatched 25 | . 4 . . 1 4 1 . . . 1 6 3 4 1 Investigation 12 | . 2 . . 1 . . . . . . 5 2 1 1 Extermination 3 | . . . . . . 1 . . . . 1 1 . . Reinforcement 7 | . 2 . . . 2 . . . . . . . 3 . Assault 1 | . . . . . . . . . . 1 . . . . Garrison 2 | . . . . . 2 . . . . . . . . . Intercept . | . . . . . . . . . . . . . . . Searches Triggered . | . . . . . . . . . . . . . . . Data Miner Redirects 5 | . . . . . . . . . . . 2 1 1 1 Construction Impeded 2 | . . . . . . . . . . . . . 2 . Haulers Reinforced . | . . . . . . . . . . . . . . . Active Scanning Responses . | . . . . . . . . . . . . . . . Cargo Convoy Interrupts . | . . . . . . . . . . . . . . . Stealth | -11 -10 -10 -10 -9 -8 -7 -7 -7 -7 -6 -6 -5 -5 -5 --------- Run | Jun Mat Min Exi Min Mat Fac Low Low Dat Pro Fac Fac Ext Cet Distress Signals 9 | . 3 . . . 1 . . . . . . 1 2 2 Communications Jammed . | . . . . . . . . . . . . . . . Distress Signals . | . . . . . . . . . . . . . . . Times Spotted 161 | . 20 . . 3 28 8 . 4 . 23 3 25 22 25 Peak Tracking Total 16 | . 4 . . 2 8 4 . 4 . 16 3 5 5 10 Tactical Retreats 17 | . . . . . . 2 . . . 3 2 8 1 1 Traps | -11 -10 -10 -10 -9 -8 -7 -7 -7 -7 -6 -6 -5 -5 -5 ------- Run | Jun Mat Min Exi Min Mat Fac Low Low Dat Pro Fac Fac Ext Cet Traps Triggered 12 | . 2 . . . . 1 . . . . . 3 6 . Indirectly . | . . . . . . . . . . . . . . . Trap Hack Attempts . | . . . . . . . . . . . . . . . Triggered . | . . . . . . . . . . . . . . . Disarmed . | . . . . . . . . . . . . . . . Reprogrammed . | . . . . . . . . . . . . . . . Reused . | . . . . . . . . . . . . . . . Traps Extracted . | . . . . . . . . . . . . . . . Installed . | . . . . . . . . . . . . . . . Triggered . | . . . . . . . . . . . . . . . Machines | -11 -10 -10 -10 -9 -8 -7 -7 -7 -7 -6 -6 -5 -5 -5 ---------- Run | Jun Mat Min Exi Min Mat Fac Low Low Dat Pro Fac Fac Ext Cet Machines Disabled 8 | . . . . . 2 . 1 . . . . . 2 3 Max in Single Turn 1 | . . . . . 1 . 1 . . . . . 1 1 Garrison Access 3 | . . . . . . 1 . . . . 1 1 . . Machines Repaired . | . . . . . . . . . . . . . . . Machines Sabotaged . | . . . . . . . . . . . . . . . Overloaded Fab Kills . | . . . . . . . . . . . . . . . Hacking | -11 -10 -10 -10 -9 -8 -7 -7 -7 -7 -6 -6 -5 -5 -5 --------- Run | Jun Mat Min Exi Min Mat Fac Low Low Dat Pro Fac Fac Ext Cet Machines Accessed 47 | . 6 . 2 1 3 3 2 . 4 . 11 9 3 3 Terminals 28 | . 6 . . . 1 1 . . . . 8 6 3 3 Fabricators 4 | . . . . . . . . . . . 2 2 . . Repair Stations 1 | . . . . . . 1 . . . . . . . . Recycling Units . | . . . . . . . . . . . . . . . Scanalyzers 1 | . . . . . 1 . . . . . . . . . Garrison Access 4 | . . . . . 1 1 . . . . 1 1 . . Total Hacks 155 | . 18 . 4 1 5 5 8 . 32 . 43 20 9 10 Successful 94 | . 7 . 4 1 . 4 8 . 32 . 18 8 7 5 Failed 61 | . 11 . . . 5 1 . . . . 25 12 2 5 Catastrophic 14 | . . . . . 1 1 . . . . 8 3 . 1 Database Lockouts . | . . . . . . . . . . . . . . . Manual 80 | . 18 . 1 . 1 2 . . . . 37 13 7 1 Terminals 91 | . 18 . . . 1 2 . . . . 36 15 9 10 Fabricators 10 | . . . . . . . . . . . 6 4 . . Repair Stations 2 | . . . . . . 2 . . . . . . . . Recycling Units . | . . . . . . . . . . . . . . . Scanalyzers 2 | . . . . . 2 . . . . . . . . . Garrison Access 5 | . . . . . 2 1 . . . . 1 1 . . Terminal Hacks 75 | . 6 . 4 1 . . 8 . 32 . 9 3 7 5 Record 26 | . 1 . 3 . . . 7 . 11 . . . . 4 Part Schematic 12 | . . . . . . . . . 12 . . . . . Robot Schematic 6 | . . . . . . . . . 6 . . . . . Robot Analysis 3 | . 3 . . . . . . . . . . . . . Prototype ID Bank 3 | . . . . . . . . . 3 . . . . . Open Door 3 | . . . . 1 . . 1 . . . . . . 1 Level Access Points 1 | . . . . . . . . . . . 1 . . . Branch Access Points 1 | . 1 . . . . . . . . . . . . . Terminal Index 2 | . . . . . . . . . . . 1 1 . . Fabricator Index 1 | . . . . . . . . . . . 1 . . . Scanalyzer Index 1 | . . . . . . . . . . . . 1 . . Alert Level 6 | . . . . . . . . . . . 3 1 2 . Unreport Threat 3 | . . . . . . . . . . . 2 . 1 . Locate Traps 1 | . 1 . . . . . . . . . . . . . Patrol Status 1 | . . . . . . . . . . . 1 . . . Recall Reinforcements 2 | . . . . . . . . . . . . . 2 . Zone Layout 2 | . . . . . . . . . . . . . 2 . Derelict Proto ID Bank 1 | . . . 1 . . . . . . . . . . . Fabricator Hacks 5 | . . . . . . . . . . . 3 2 . . Load Schematic 3 | . . . . . . . . . . . 2 1 . . Build 2 | . . . . . . . . . . . 1 1 . . Repair Station Hacks 2 | . . . . . . 2 . . . . . . . . Scan Component 1 | . . . . . . 1 . . . . . . . . Repair 1 | . . . . . . 1 . . . . . . . . Recycling Unit Hacks . | . . . . . . . . . . . . . . . Scanalyzer . | . . . . . . . . . . . . . . . Garrison Access Hacks 3 | . . . . . . 1 . . . . 1 1 . . Seal Access 3 | . . . . . . 1 . . . . 1 1 . . Unauthorized Hacks 9 | . 1 . . . . 1 . . . . 5 2 . . Terminals 9 | . 1 . . . . 1 . . . . 5 2 . . Track 1 | . . . . . . . . . . . 1 . . . Assimilate 5 | . 1 . . . . . . . . . 2 2 . . Botnet 1 | . . . . . . . . . . . 1 . . . Operators 2 | . . . . . . 1 . . . . 1 . . . Fabricators . | . . . . . . . . . . . . . . . Repair Stations . | . . . . . . . . . . . . . . . Recycling Units . | . . . . . . . . . . . . . . . Scanalyzers . | . . . . . . . . . . . . . . . Garrison Access . | . . . . . . . . . . . . . . . Data Cores Recovered . | . . . . . . . . . . . . . . . Used . | . . . . . . . . . . . . . . . Hacking Detections 26 | . 4 . . . 3 1 . . . . 8 6 2 2 Full Trace Events 11 | . 3 . . . 1 . . . . . 5 1 . 1 Feedback Events 1 | . 1 . . . . . . . . . . . . . Corruption 1 | . 1 . . . . . . . . . . . . . Feedback Blocked . | . . . . . . . . . . . . . . . Robot Schematics Acquired 6 | . . . . . . . . . 6 . . . . . Robots Built . | . . . . . . . . . . . . . . . Authchips . | . . . . . . . . . . . . . . . Time . | . . . . . . . . . . . . . . . Total Robot Build Rating . | . . . . . . . . . . . . . . . Part Schematics Acquired 12 | . . . . . . . . . 12 . . . . . Parts Built 2 | . . . . . . . . . . . 1 1 . . Authchips . | . . . . . . . . . . . . . . . Time 193 | . . . . . . . . . . . 76 117 . . Total Part Build Rating 12 | . . . . . . . . . . . 5 7 . . Parts Repaired 1 | . . . . . . 1 . . . . . . . . Time 13 | . . . . . . 13 . . . . . . . . Parts Recycled . | . . . . . . . . . . . . . . . Recycled Matter . | . . . . . . . . . . . . . . . Retrieved Matter . | . . . . . . . . . . . . . . . Retrieved Components . | . . . . . . . . . . . . . . . Parts Scanalyzed . | . . . . . . . . . . . . . . . Part Schematics Acquired . | . . . . . . . . . . . . . . . Parts Damaged . | . . . . . . . . . . . . . . . Bothacking | -11 -10 -10 -10 -9 -8 -7 -7 -7 -7 -6 -6 -5 -5 -5 ------------ Run | Jun Mat Min Exi Min Mat Fac Low Low Dat Pro Fac Fac Ext Cet Used RIF Installer . | . . . . . . . . . . . . . . . Robots Hacked . | . . . . . . . . . . . . . . . Non-combat . | . . . . . . . . . . . . . . . Combat . | . . . . . . . . . . . . . . . Robot Hacks Applied . | . . . . . . . . . . . . . . . Relay Couplers Released . | . . . . . . . . . . . . . . . Fabnet Peak Effective % . | . . . . . . . . . . . . . . . Robots Rewired 10 | . . . . . . . . . . . . . 10 . Allies Hacked . | . . . . . . . . . . . . . . . Hacks Repelled . | . . . . . . . . . . . . . . . Allies | -11 -10 -10 -10 -9 -8 -7 -7 -7 -7 -6 -6 -5 -5 -5 -------- Run | Jun Mat Min Exi Min Mat Fac Low Low Dat Pro Fac Fac Ext Cet Total Allies 27 | . . . . . . . . . . 1 1 2 18 5 Largest Group 5 | . . . . . . . . . . 1 1 1 5 5 Highest-Rated Group 288 | . . . . . . . . . . 96 10 26 280 288 Highest-Rated Ally 159 | . . . . . . . . . . 96 10 26 159 159 Total Orders 2 | . . . . . . . . . . . . . 2 . STAY 1 | . . . . . . . . . . . . . 1 . FOLLOW 1 | . . . . . . . . . . . . . 1 . Ally Attacks 168 | . . . . . . . . . . 5 . . 82 81 Total Damage 5746 | . . . . . . . . . . 188 . . 2085 3473 Kills 33 | . . . . . . . . . . 1 . . 13 19 Allies Corrupted . | . . . . . . . . . . . . . . . Allies Melted 1 | . . . . 1 . . . . . . . . . . Intel | -11 -10 -10 -10 -9 -8 -7 -7 -7 -7 -6 -6 -5 -5 -5 ------- Run | Jun Mat Min Exi Min Mat Fac Low Low Dat Pro Fac Fac Ext Cet Robot Analysis Total 3 | . 3 . . . . . . . . . . . . . Derelict Logs Recovered 4 | . . . . 1 . . 1 1 . 1 . . . . Drone Launches . | . . . . . . . . . . . . . . . Drone Recoveries . | . . . . . . . . . . . . . . . Exploration | -11 -10 -10 -10 -9 -8 -7 -7 -7 -7 -6 -6 -5 -5 -5 ------------- Run | Jun Mat Min Exi Min Mat Fac Low Low Dat Pro Fac Fac Ext Cet Turns Passed 7805 | 64 1346 269 360 605 937 400 113 63 22 73 1267 1111 801 374 Spaces Moved 8777 | 41 714 169 222 358 440 727 353 232 80 250 1346 2530 932 383 Core 34 | 12 . . . . . . . . . . . . . 22 Treads 1964 | 29 714 169 222 358 440 32 . . . . . . . . Legs 297 | . . . . . . . . . . . . . 199 98 Wheels . | . . . . . . . . . . . . . . . Hover . | . . . . . . . . . . . . . . . Flight 6482 | . . . . . . 695 353 232 80 250 1346 2530 733 263 Fastest Speed 25 | 50 160 160 160 160 160 28 27 27 27 27 27 25 28 45 Average Speed 61 | 127 160 160 160 160 160 34 27 27 27 27 27 26 53 65 Slowest Speed 240 | 160 240 160 160 160 240 160 28 27 27 30 27 28 190 200 Overloaded Moves . | . . . . . . . . . . . . . . . Propulsion Burnouts . | . . . . . . . . . . . . . . . Robots Hopped 27 | . . . . . . . . . . 2 6 13 5 1 Cave-ins Triggered . | . . . . . . . . . . . . . . . Exploration Rate (%) 53 | 5 90 40 59 79 40 17 50 44 69 50 34 51 83 89 Regions Visited 14 Branch Regions 9 Pre-discovered Areas 4 | . . . 1 1 . . 1 . 1 . . . . . Known Exits Taken 9 | . 1 . . . . 1 1 1 1 1 1 1 1 . Unknown Exits Taken 5 | 1 . 1 1 1 1 . . . . . . . . . Scrap Searched 8 | . . . . 2 . . 4 1 . 1 . . . . Spaces Dug 72 | . . . . . 6 6 . . . . 31 27 2 . Terrain Destroyed 258 | . . . . 2 35 6 . . . . 31 27 84 73 Melee 66 | . . . . . . 6 . . . . 31 27 2 . Projectile 37 | . . . . 2 35 . . . . . . . . . AOE 155 | . . . . . . . . . . . . . 82 73 Terrain Rammed . | . . . . . . . . . . . . . . . Walls Destroyed . | . . . . . . . . . . . . . . . Machines Disabled . | . . . . . . . . . . . . . . . Actions | -11 -10 -10 -10 -9 -8 -7 -7 -7 -7 -6 -6 -5 -5 -5 --------- Run | Jun Mat Min Exi Min Mat Fac Low Low Dat Pro Fac Fac Ext Cet Total 10737 | 53 820 168 227 379 559 858 363 231 79 250 2185 2883 1191 491 Wait 1480 | . 11 . . . 17 101 3 . . . 797 293 163 95 Move 8709 | 40 713 168 221 357 439 726 352 231 79 245 1333 2503 921 381 Hop 26 | . . . . . . . . . . 2 6 12 5 1 Pick Up 73 | 7 24 . 1 4 13 4 1 . . . 6 4 7 2 Fast Attach 34 | . 3 . 2 2 6 1 3 . . . 3 6 8 . Attach 42 | 6 3 . . . 8 6 . . . 2 4 1 8 4 Detach 2 | . . . . . . . . . . . . . 2 . Swap 28 | . 6 . . . 5 3 2 . . . . 8 3 1 Drop 52 | . 8 . 3 6 13 5 1 . . . 3 11 2 . Fire 149 | . 49 . . 5 57 1 . . . . . . 30 7 Melee 89 | . . . . . . 11 1 . . 1 33 36 7 . Ram . | . . . . . . . . . . . . . . . Kick . | . . . . . . . . . . . . . . . Crush 9 | . 3 . . 5 1 . . . . . . . . . Escape Stasis 44 | . . . . . . . . . . . . 9 35 . Rewire . | . . . . . . . . . . . . . . . Trap . | . . . . . . . . . . . . . . . Miscellaneous . | . . . . . . . . . . . . . . . Route ------- -11/Junkyard -10/Materials (discovered 4 exits: [*Mat x3] / *Min) -10/Mines (discovered 2 exits: [*Mat] / *Exi) -10/Exiles (discovered 2 exits: *Min x2) -9/Mines (discovered 2 exits: *Mat x2) -8/Materials -7/Factory (discovered 2 exits: *Fac / *Low) -7/Lower Caves -7/Lower Caves -7/Data Miner -6/Proximity Caves -6/Factory (discovered 6 exits: *Fac x4 / *Low x2) -5/Factory (discovered 3 exits: *Fac / *Upp / *Ext) -5/Extension (discovered 2 exits: *Fac / *Cet) -5/Cetus (discovered 2 exits: *Fac / [*Arc]) History --------- Turn | Location | Event 4 | -11/Junkyard | Discovered new exit (range 15) 65 | -11/Junkyard | Entered Materials 244 | -10/Materials | Discovered new exit (range 15) 306 | -10/Materials | Build established: Mutant 523 | -10/Materials | Discovered new exit (range 5) 823 | -10/Materials | Discovered new exit (range 3) 1225 | -10/Materials | Identified exit to Mines 1411 | -10/Materials | Entered Mines 1603 | -10/Mines | Discovered new exit (range 16) 1671 | -10/Mines | Deemed a non-threat by the Exiles lab entrance 1672 | -10/Mines | Discovered new exit (range 5) 1680 | -10/Mines | Entered Exiles 1701 | -10/Exiles | Discovered new exit (range 15) 1722 | -10/Exiles | Met 8R-AWN 1748 | -10/Exiles | Met EX-HEX 1800 | -10/Exiles | Met EX-BIN 1825 | -10/Exiles | Aligned with FarCom system 1827 | -10/Exiles | Given EX-Vault access code 1867 | -10/Exiles | Opened EX-Vault 1879 | -10/Exiles | Found Trap Reconfigurator 1918 | -10/Exiles | Warned to stay clear of 0b10 Research branches 1966 | -10/Exiles | Met EX-DEC 1972 | -10/Exiles | Learned location of Zion (-6) 2022 | -10/Exiles | Discovered new exit (range 10) 2040 | -10/Exiles | Left Exiles lab with Trap Reconfigurator 2040 | -10/Exiles | Entered Mines 2064 | -9/Mines | Discovered new exit (range 5) 2149 | -9/Mines | Met a Derelict shopkeep closing up shop 2286 | -9/Mines | Received a Rocket Launcher from a helpful Derelict 2629 | -9/Mines | Discovered new exit (range 11) 2645 | -9/Mines | Entered Materials 2645 | -8/Materials | Evolved 4 slots: Propulsion x1, Utility x3 3420 | -8/Materials | Garrison activated, responded to threat 3574 | -8/Materials | Discovered new exit (range 6) 3582 | -8/Materials | Entered Factory 3582 | -7/Factory | Evolved 2 slots: Propulsion x1, Utility x1 3610 | -7/Factory | Lost 3 parts (1n1u1w) 3675 | -7/Factory | Discovered new exit (range 6) 3676 | -7/Factory | Identified exit to Lower Caves 3696 | -7/Factory | Discovered new exit (range 16) 3753 | -7/Factory | Repaired Lgt. Armor Plating 3926 | -7/Factory | Build established: Scavenger-Sprinter 3982 | -7/Factory | Entered Lower Caves 3985 | -7/Lower Caves | Encountered a Warlord checkpoint 4019 | -7/Lower Caves | Learned Factory trap positions 4019 | -7/Lower Caves | Learned Research emergency access door positions 4019 | -7/Lower Caves | Learned Research stockpile data 4019 | -7/Lower Caves | Learned Research terminal intel 4091 | -7/Lower Caves | Discovered new exit (range 15) 4092 | -7/Lower Caves | Learned location of Extension (-5) 4095 | -7/Lower Caves | Identified exit to Lower Caves 4095 | -7/Lower Caves | Entered another Lower Caves area 4126 | -7/Lower Caves | Encountered a Warlord checkpoint 4155 | -7/Lower Caves | Discovered new exit (range 11) 4158 | -7/Lower Caves | Identified exit to Data Miner 4158 | -7/Lower Caves | Entered Data Miner 4158 | -7/Data Miner | Discovered new exit (range 6) 4164 | -7/Data Miner | Met Data Miner 4168 | -7/Data Miner | Learned location of Section 7 (-3) 4168 | -7/Data Miner | Acquired the access code to Warlord's prototype stash 4174 | -7/Data Miner | Received God Mode back door access code from Data Miner 4180 | -7/Data Miner | Identified exit to Proximity Caves 4180 | -7/Data Miner | Entered Proximity Caves 4183 | -6/Proximity Caves | Learned 12 Factory zone layouts 4194 | -6/Proximity Caves | Attracted the attention of an 0b10 outpost 4197 | -6/Proximity Caves | Escorted by Enhanced Grunt 4201 | -6/Proximity Caves | Attracted the attention of an 0b10 checkpoint 4219 | -6/Proximity Caves | P-60 Hacker assimilated allied J2-ZXR(S) 4249 | -6/Proximity Caves | Discovered new exit (range 13) 4252 | -6/Proximity Caves | Identified exit to Factory 4253 | -6/Proximity Caves | Entered Factory 4253 | -6/Factory | Evolved 2 slots: Utility x2 4254 | -6/Factory | Identified exit to Lower Caves 4256 | -6/Factory | Loaded intel: 84 trap records 4276 | -6/Factory | Identified exit to Factory 4545 | -6/Factory | Incoming investigation squad redirected 4574 | -6/Factory | Build established: Hacker-Sprinter 5306 | -6/Factory | Incoming investigation squad redirected 5352 | -6/Factory | Fabricated Lgt. Regenerative Plating? 5520 | -6/Factory | Entered another Factory area 5520 | -5/Factory | Evolved 2 slots: Propulsion x1, Utility x1 5532 | -5/Factory | Discovered new exit (range 16) 5536 | -5/Factory | Identified exit to Upper Caves 5551 | -5/Factory | Discovered new exit (range 7) 5553 | -5/Factory | Identified exit to Factory 5633 | -5/Factory | Incoming investigation squad redirected 5707 | -5/Factory | Fabricated Adv. Reaction Control System? 6619 | -5/Factory | Discovered new exit (range 11) 6631 | -5/Factory | Identified exit to Extension 6631 | -5/Factory | Entered Extension 6631 | -5/Extension | Accompanied by 1 ally 6922 | -5/Extension | Spotted B-75 Beast 7023 | -5/Extension | Spotted B-75 Beast 7046 | -5/Extension | Rescued a captive Derelict 7046 | -5/Extension | Rescued a captive Derelict 7047 | -5/Extension | Rescued a captive Derelict 7048 | -5/Extension | Rescued a captive Derelict 7130 | -5/Extension | Rescued a captive Derelict 7130 | -5/Extension | Rescued a captive Derelict 7141 | -5/Extension | Incoming investigation squad redirected 7154 | -5/Extension | Rescued A7 7181 | -5/Extension | Lost 6 parts (1p3n1u1w) 7305 | -5/Extension | Rescued a captive Derelict 7335 | -5/Extension | Rescued a captive Derelict 7337 | -5/Extension | Build established: Hacker-Mutant 7364 | -5/Extension | Discovered exit to Factory (range 10) 7367 | -5/Extension | Discovered new exit (range 6) 7374 | -5/Extension | Identified exit to Cetus 7432 | -5/Extension | Entered Cetus 7432 | -5/Cetus | Accompanied by 5 allies (A7) 7437 | -5/Cetus | Acquired a Cetus Manufacturing Module code from A7 7446 | -5/Cetus | Spotted Cetus Guard 7446 | -5/Cetus | Spotted Cetus Guard 7446 | -5/Cetus | Spotted Cetus Guard 7446 | -5/Cetus | Spotted Cetus Guard 7456 | -5/Cetus | Destroyed Cetus Guard 7461 | -5/Cetus | Allies destroyed Cetus Guard 7461 | -5/Cetus | Allies destroyed Cetus Guard 7467 | -5/Cetus | Allies destroyed Cetus Guard 7529 | -5/Cetus | Incoming investigation squad redirected 7540 | -5/Cetus | Started Cetus Manufacturing Module 7552 | -5/Cetus | Extracted ID and sensor layout for unrecognized location from A7's data core 7565 | -5/Cetus | Manufactured an Enhanced Grunt 7571 | -5/Cetus | Core integrity fell below 50% 7590 | -5/Cetus | Manufactured an Enhanced Grunt 7596 | -5/Cetus | Core integrity fell below 20% 7615 | -5/Cetus | Manufactured an Enhanced Grunt 7622 | -5/Cetus | Lost 13 parts (1p4n6u2w) 7628 | -5/Cetus | Discovered exit to Factory (range 15) 7640 | -5/Cetus | Manufactured an Enhanced Grunt 7665 | -5/Cetus | Manufactured an Enhanced Grunt 7706 | -5/Cetus | Discovered new exit (range 16) 7715 | -5/Cetus | Spotted Cetus Guard 7715 | -5/Cetus | Spotted Cetus Guard 7786 | -5/Cetus | Spotted Cetus Guard 7795 | -5/Cetus | Cetus Manufacturing Module disabled 7795 | -5/Cetus | Allies destroyed Cetus Guard 7806 | -5/Cetus | Destroyed by G-67 Veteran with Field Laser Last Messages --------------- 07706_ EXIT=FOUND 07717_ System corrupted: Heat flow error (+186). 07737_ #ERB2TZCVPRHKG|HE/HFR7#DP 07756_ System corrupted: Matter fused (-10). 07774_ Slug penetrates Enhanced Grunt. 07781_ C-30 ARC bursts open, deploying its payload. 07781_ G-67 Veteran unfolds itself. 07781_ G-50 Soldier unfolds itself. 07781_ Slug penetrates Enhanced Grunt. 07783_ Enhanced Grunt suffers critical hit (Destroy). 07783_ Enhanced Grunt destroyed. 07783_ Acquired 10 matter. 07786_ Machine disabled. 07786_ Slug penetrates Machine. 07790_ Acquired Carbon-fiber Leg. 07792_ Acquired 10 matter. 07795_ Acquired Carbon-fiber Leg. 07795_ Slug penetrates Cetus Manufacturing Module. 07795_ Cetus Manufacturing Module disabled. 07795_ Cetus Guard destroyed. Map ----- +----------------------------------------------------+ | ???????????????????# #?????????????????????????? | | ???????????????????# #?????????????????????????? | | ???????????????????# #?????????????????????????? | | ???????????????????# #?????????????????????????? | | ???????????????????# #?????????????????????????? | | ???????????????????# #?????????????????????????? | | ???????????????????# #?????????????????????????? | | ???????????????????# #?????????????????????????? | | ???????????????????# #?????????????????????????? | | ???????????????????# #?????????????????????????? | | ???????????????????# #?????????????????????????? | | ???????????????????# #?????????????????????????? | | ???????????????????# #?????????????????????????? | | ???????????????????# #?????????????????????????? | | ???????????????????# #?????????????????????????? | | ???????????????????# #?????????????????????????? | | ???????????????????# #??????????################ | | ???????????????????# #??????????#""""" """ """"" | | ???????????????????# #??????????# " """"""" " | | ???????????????????# #??????????#""""""""""""""" | | ???????????????????# #??####????#""""" """ """"" | | ???????????????????# #### ####?#""""""" """"""" | | ????????????????#### # # ###""" " " """ | | ???????????###### # # ## # ###" " " """ " | | ############"# # # # ## %[[ | | !%= % @ +" gg %! *% | | *%]= [ g ; *=% =%[ | | !==* % + %[ !!%* | | ################ # ####### ##" =%* ]%]! | | ???????????????# ##?# # # ##" ""= " "!]* | | ???????????????#######?## # #######+"######## | | ???????????????????????### # ######" " ""# | | ?????????????????????????#####????###" """# | | ??????????????????????????????????#" " ""# "" | | ??????????????????????????????????###" """# " | | ??????????????????????????????????#" "### | | ??????????????????????????????????#" """"#" | | ??????????????????????????????????#" T"""#""" | | ??????????????????????????????????#" """"#" | | ??????????????????????????????????### "### | | ??????????????????????????????????# """"#" | | ??????????????????????????????????#" " T"""#""" | | ??????????????????????????????????#" """"#" | | ??????????????????????????????????#" " " #"### | | ??????????????????????????????????# #""?# | | ??????????????????????????????????#""" """#"""# | | ??????????????????????????????????#########?#?#### | | ?????????????????????????????????????????????????? | | ?????????????????????????????????????????????????? | | ?????????????????????????????????????????????????? | +----------------------------------------------------+ Best States ------------- Heat Dissipation 58 Energy Generation 18 Energy Capacity 310 Matter Stores 300 Matter Capacity 300 Sight Range 22 Terrain Scan Density 10 Armor Coverage 375 Evasion (%) 76 Targeting Accuracy 6 Recoil Reduction 7 Offensive Hacking 10 Defensive Hacking 34 Authchip Count 1 Item Schematics ----------------- Combat Drone Bay | -7/Data Miner | Free Lgt. Regenerative Plating | -7/Data Miner | Free Cld. Aerolev Unit | -7/Data Miner | Free Exp. Targeting Computer | -7/Data Miner | Free Force Rifle | -7/Data Miner | Free Linear Gravjet | -7/Data Miner | Free Imp. Thermal Shield | -7/Data Miner | Free Imp. Arc Projector | -7/Data Miner | Free Imp. Trap Scanner | -7/Data Miner | Free Hvy. Phase Cannon | -7/Data Miner | Free Hvy. Shock Bomb Launcher | -7/Data Miner | Free Adv. Reaction Control System | -7/Data Miner | Free Robot Schematics ------------------ E-15 Imp | -7/Data Miner | Free R-10 Processor | -7/Data Miner | Free L-41 Fighter | -7/Data Miner | Free M-14 Sweeper | -7/Data Miner | Free Y-64 Sentinel | -7/Data Miner | Free Y-54 Guardian | -7/Data Miner | Free Fabricated ------------ Lgt. Regenerative Plating | x1 | -6/Factory Adv. Reaction Control System | x1 | -5/Factory Alien Tech Used ----------------- None Achievements -------------- None Challenges ------------ None Game ------ Seed PortableMediumRail Manual? 0 Play Time 01:25:45 Cumulative 65.8 hours Start 2023.08.17 @ 14:41:03 End 2023.08.17 @ 16:27:56 Sessions 1 Manual Loads 0 Difficulty Rogue Special Mode None Game No. 61 Rogue 25 Adventurer 36 Explorer 0 Win Type - Total 6 Types 1/0/5/0/0/0/0/0/0 Lore% 44 Gallery% 64 Achievement% 54 Wizard Run 0 Options --------- ASCII 0 Keyboard 0 Movement Mouse Keybinds 0 Fullscreen 1 Font 18/SmallcapsGlow Map View 76x50 Tactical HUD 1 Map Filters NONE Filters NONE Steam 1 RUN: 8a34d436-277a-4b94-be1c-7349eadb0ce3